 Dungeon Crawl Stone Soup version 0.26.1-10-gdfb7c7de75 (webtiles) character file.

Game seed: 11482299368244816884

156 infcreate the Digger (level 5, -10/29 HPs)
             Began as a Gargoyle Earth Elementalist on Apr 6, 2021.
             Killed by divine providence
             ... invoked by an orc priest
              (13 damage)
             ... on level 3 of the Dungeon.
             The game lasted 00:14:09 (2304 turns).

infcreate the Digger (Gargoyle Earth Elementalist)  Turns: 2304, Time: 00:14:10

Health: -10/29     AC:  6    Str: 13    XL:     5   Next: 37%
Magic:  7/9        EV: 11    Int: 15    God:
Gold:   80         SH:  4    Dex: 10    Spells: 3/9 levels left

rFire    . . .     SeeInvis .   h - +0 mace
rCold    . . .     Faith    .   e - +1 buckler
rNeg     + . .     Spirit   .   c - +0 robe
rPois    ∞         Reflect  .   (no helmet)
rElec    +         Harm     .   (no cloak)
rCorr    .         Rampage  .   (no gloves)
Will     .....                  (no boots)
Stlth    ++........             (no amulet)
HPRegen  0.09/turn              (no ring)
MPRegen  0.11/turn              (no ring)

@: no status effects
A: negative energy resistance 1, electricity resistance, unbreathing,
petrification resistance, miasma immunity, AC +4
a: no special abilities


You were on level 3 of the Dungeon.
You visited 1 branch of the dungeon, and saw 3 of its levels.

You collected 80 gold pieces.


Innate Abilities, Weirdness & Mutations

You are resistant to torment.
Your stone body is resilient. (AC +4)
You are immune to poison.
You resist negative energy. (rN+)
You are resistant to electric shocks. (rElec)
You can survive without breathing.
You are immune to petrification.
You are immune to miasma.


   Skills:
 + Level 1.4 Fighting
 + Level 1.0 Maces & Flails
 * Level 2.3 Armour
 - Level 1.5 Dodging
 - Level 2.4 Stealth
 + Level 1.2 Shields
 + Level 2.6 Spellcasting
 * Level 0.7 Conjurations
 - Level 0.7 Transmutations
 * Level 4.7 Earth Magic


You had 3 spell levels left.
You knew the following spells:

 Your Spells              Type           Power        Failure   Level
a - Passwall              Tmut/Erth      8%           14%         2
w - Stone Arrow           Conj/Erth      20%          28%         3
z - Sandblast             Erth           32%          4%          1

Your spell library contained the following spells:

 Spells                   Type           Power        Failure   Level
 Petrify                  Tmut/Erth      10%          67%         4
 Lee's Rapid Deconstruct  Erth           8%           75%         5

Inventory:

Hand Weapons
 h - a +0 mace (weapon)
Missiles
 b - 13 stones
 r - 5 large rocks {=f}
Armour
 c - a +0 robe (worn)
 e - a +1 buckler (worn)
 f - a +0 kite shield
 m - a +0 tower shield
 n - a +0 ring mail
 s - a +0 cloak
Jewellery
 k - an uncursed ring of poison resistance {unknown}
Scrolls
 d - 3 scrolls of identify {unknown}
 g - a scroll of immolation {unknown}
 i - a scroll of enchant armour
 j - 3 scrolls of remove curse {unknown}
 p - 2 scrolls of teleportation {unknown}
 q - a scroll of fog {unknown}
Potions
 a - 3 potions of heal wounds {unknown}
 l - a potion of resistance {unknown}
 o - a potion of haste {unknown}
 t - a potion of flight {unknown}

Dungeon Overview and Level Annotations

Branches:
Dungeon (3/15)

Altars:
Makhleb

###### #...>#
#######....#
#######o....o.o..#
#.......#####...@#
#.###########....#
..#...##...##.####
##............#
...........÷.##
.............#
..†..........#
†............#
.......#.....#


You could see 2 orc priests.


Message History

The orc priest mumbles some strange prayers to Beogh against you.
Pain shoots through your body!
The orc priest calls down the wrath of Beogh upon you.
You barely resist.
There is a stone staircase leading up here.
Casting: Sandblast (safe; 4% risk of failure)
Confirm with . or Enter, or press ? or * to list all spells.
Aiming: Sandblast (safe; 4% risk of failure)
Press: ? - help, Shift-Dir - straight line, f - orc priest
Aim: an orc priest, wielding a +0 whip (21% to evade)
The blast of sand hits the orc priest!
The orc priest is heavily wounded.
The orc priest calls upon Beogh to heal the orc priest.
The orc priest is healed somewhat.
Casting: Sandblast (safe; 4% risk of failure)
Confirm with . or Enter, or press ? or * to list all spells.
Aiming: Sandblast (safe; 4% risk of failure)
Press: ? - help, Shift-Dir - straight line, f/p - orc priest
Aim: an orc priest, wielding a +0 whip (lightly wounded, 21% to evade)
The blast of sand hits the orc priest.
The orc priest is moderately wounded.
The orc priest invokes the aid of Beogh against you.
Pain shoots through your body!
The orc priest calls down the wrath of Beogh upon you.
Beogh smites you!
Ouch! That really hurt!
* * * LOW HITPOINT WARNING * * *
The orc priest mumbles some strange prayers to Beogh against you.
Beogh smites you!
You die...

Skill      XL: |  1  2  3  4  5 |
---------------+----------------+-----
Armour         | 1 2 |  2.3
Earth Magic    | 4 |  4.7
Fighting       | 1 |  1.4
Shields        | 1 |  1.2
Maces & Flails | 1 |  1.0
Dodging        | |  1.5
Stealth        | |  2.4
Spellcasting   | |  2.6
Conjurations   | |  0.7
Transmutations | |  0.7

Action                   |  1- 3 |  4- 6 || total
-------------------------+-------+-------++-------
Melee: Unarmed           |     6 |       ||     6
       Mace              |    22 |    40 ||    62
 Cast: Sandblast         |    29 |    44 ||    73
       Passwall          |     1 |       ||     1
  Use: Scroll            |     1 |       ||     1
 Stab: Sleeping          |     1 |       ||     1
Armor: Robe              |     9 |    18 ||    27
Dodge: Dodged            |    14 |    35 ||    49
Block: Buckler           |     6 |     9 ||    15

Levels and vault maps discovered:
D:1:      dpeg_arrival_pond, layout_basic, minmay_box_of_dots
D:2:      layout_loops_ring, makhleb_altar_promises_db, uniq_crazy_yiuf_cottage,
          uniq_jessica
D:3:      layout_rooms, chequers_ecumenical_altar_simple

Notes
Turn   | Place    | Note
-------+----------+-------------------------------------------
     0 | D:1      | infcreate the Gargoyle Earth Elementalist began the quest
                  | for the Orb.
     0 | D:1      | Reached XP level 1. HP: 10/10 MP: 3/3
   241 | D:1      | Reached XP level 2. HP: 9/15 MP: 1/5
   369 | D:1      | Reached skill level 1 in Armour
   651 | D:1      | Reached skill level 4 in Earth Magic
   859 | D:1      | Reached XP level 3. HP: 20/20 MP: 4/6
   992 | D:1      | Learned a level 2 spell: Passwall
   996 | D:1      | Learned a level 3 spell: Stone Arrow
  1095 | D:2      | Noticed Jessica
  1110 | D:2      | Killed Jessica
  1111 | D:2      | Reached skill level 1 in Fighting
  1111 | D:2      | Reached XP level 4. HP: 25/25 MP: 4/7
  1426 | D:2      | Reached skill level 1 in Shields
  1507 | D:2      | Found a runed translucent door.
  1508 | D:2      | Noticed Crazy Yiuf
  1514 | D:2      | Killed Crazy Yiuf
  1515 | D:2      | Reached skill level 2 in Armour
  1639 | D:2      | Found a burning altar of Makhleb.
  1639 | D:2      | Noticed a green death
  1642 | D:2      | Noticed a hellwing
  1642 | D:2      | Noticed a ynoxinul
  1724 | D:2      | Reached XP level 5. HP: 29/29 MP: 6/8
  1953 | D:3      | Reached skill level 1 in Maces & Flails
  2303 | D:3      | HP: 2/29 [orc priest/divine providence (15)]
  2304 | D:3      | Killed from afar by an orc priest

Vanquished Creatures
  Crazy Yiuf (D:2)
  Jessica (D:2)
  2 adders
  2 dart slugs
  4 leopard geckos
  3 orcs (D:2)
  A ball python (D:1)
  6 giant cockroaches
  6 goblins
  10 hobgoblins
  A quokka (D:3)
  10 bats
  5 frilled lizards
  12 kobolds
  5 rats
69 creatures vanquished.

Table legend: (Time is in decaauts)
 A = Elapsed time spent in this place.
 B = Non-inter-level travel time spent in this place.
 C = Inter-level travel time spent in this place.
 D = Time resting spent in this place.
 E = Time spent auto-exploring this place.
 F = Levels seen in this place.
 G = Mean time per level.
                   A        B        C        D        E       F      G
               +--------+--------+--------+--------+--------+-----+--------+
         Total |   2330 |   1909 |    421 |    561 |      0 |   3 |  776.7 |
       Dungeon |   2330 |   1909 |    421 |    561 |      0 |   3 |  776.7 |
               +--------+--------+--------+--------+--------+-----+--------+

Top non-repeatable levels by time:
     D:2: 1112 daAuts
     D:1: 1010 daAuts
     D:3: 207 daAuts

Table legend:
 A = Non-vault XP
 B = Vault XP
 C = Vault XP percentage of total XP
 D = Non-vault monster count
 E = Vault monster count
 F = Vault count percentage of total count
                 A         B        C        D         E       F
            +---------+---------+-------+---------+---------+-------
      Total |     144 |      79 |  35.4 |      66 |       3 |   4.3
            +---------+---------+-------+---------+---------+-------
        D:1 |      47 |       1 |   2.1 |      26 |       1 |   3.7
        D:2 |      65 |      78 |  54.5 |      28 |       2 |   6.7
        D:3 |      32 |       0 |   0.0 |      12 |       0 |   0.0
            +---------+---------+-------+---------+---------+-------
